Arizona Coyotes vs Anaheim Ducks

Created - Friday, October 3, 2025 at 08:01

Goals
1 2 3 T
Arizona Coyotes 2 0 2 4
Anaheim Ducks 4 1 3 8
Shots
1 2 3 T
Arizona Coyotes 8 3 15 26
Anaheim Ducks 19 4 12 35

1st period

1. Arizona Coyotes , Charlie Coyle 20 (Tyler Seguin 30, Mats Zuccarello 35) at 2:08
2. Anaheim Ducks , Nazem Kadri 17 (William Nylander 35, John Tavares 22) at 9:30
3. Anaheim Ducks , Jonny Brodzinski 6 (Joshua Morrissey 21, William Nylander 36) at 11:50
4. Anaheim Ducks , Mark Scheifele 17 (Brayden Schenn 23, William Nylander 37) at 14:17 (PP)
5. Anaheim Ducks , William Nylander 22 (Mark Scheifele 36) at 18:46 (PP)
6. Arizona Coyotes , Charlie Coyle 21 (Tyler Seguin 31) at 18:54

Penalties :
Radko Gudas (AZC) for Interference (Minor) at 14:02, Johnathan Kovacevic (AZC) for Interference (Minor) at 15:31, Erik Haula (AZC) for Cross-checking (Minor) at 18:19, Nazem Kadri (ANA) for High sticking (Minor) at 19:49

2nd period

7. Anaheim Ducks , Mason Marchment 14 (Philip Broberg 13, Joshua Morrissey 22) at 11:04 (PP)

Penalties :
Philip Broberg (ANA) for Tripping (Minor) at 5:09, Tyler Bertuzzi (AZC) for Slashing (Minor) at 9:54, Matt Dumba (AZC) for Tripping (Minor) at 14:05, Radko Gudas (AZC) for Tripping (Minor) at 17:28

3rd period

8. Arizona Coyotes , Mason McTavish 25 (Mats Zuccarello 36, Anthony DeAngelo 7) at 1:41
9. Arizona Coyotes , Ross Colton 10 (Matt Dumba 1, Erik Haula 14) at 4:59
10. Anaheim Ducks , Mark Scheifele 18 (Mason Marchment 19, Philip Broberg 14) at 5:12
11. Anaheim Ducks , J.T. Compher 4 (Ivan Provorov 5, Parker Kelly 3) at 6:53
12. Anaheim Ducks , Mason Marchment 15 (Nazem Kadri 27, John Tavares 23) at 13:54

Penalties :
Matt Dumba (AZC) for Roughing (Minor) at 10:51

Goalie Stats

Elvis Merzlikins (AZC), 1 saves from 3 shots - (0.333), L, 19-12-3, 16:47 minutes
Tristan Jarry (AZC), 26 saves from 32 shots - (0.813), 43:13 minutes
James Reimer (ANA), 22 saves from 26 shots - (0.846), W, 3-6-1, 60:00 minutes

Players Stats for Arizona Coyotes

Player Name              G  A  P  +/- PIM S  H  SB GA TA FO     MP     PP MP  PK MP  
------------------------------------------------------------------------------------
Aliaksei Protas          0  0  0   0  0   0  1  1  2  1  6/16   19:42   2:02   4:44 
Anthony DeAngelo         0  1  1   0  0   1  0  0  0  0  0/0    12:21   0:00   0:00 
Brayden McNabb           0  0  0   0  0   0  2  1  0  0  0/0    21:53   1:39   5:32 
Brock McGinn             0  0  0   1  0   2  2  0  0  0  0/0     9:48   0:00   0:00 
Charlie Coyle            2  0  2   1  0   6  1  0  0  0  8/18   20:18   1:57   4:36 
Erik Haula               0  1  1   1  2   2  2  0  0  0  1/4    11:50   0:00   0:31 
Jared Spurgeon           0  0  0   0  0   2  2  1  0  0  0/0    21:56   1:39   5:32 
Johnathan Kovacevic      0  0  0  -1  2   0  1  3  0  2  0/0    25:33   2:19   3:15 
Kiefer Sherwood          0  0  0   0  0   0  1  1  1  0  0/0     3:17   0:00   0:00 
Mason McTavish           1  0  1  -3  0   2  0  1  1  0  1/3    18:14   1:23   0:19 
Mats Zuccarello          0  2  2   0  0   2  0  1  2  0  0/0    14:57   2:01   0:00 
Matt Dumba               0  1  1  -1  4   0  3  0  0  0  0/0    15:05   0:00   2:26 
Ondrej Palat             0  0  0  -3  0   1  0  1  0  0  0/1     9:44   0:00   0:00 
Radko Gudas              0  0  0  -1  4   0  2  1  0  0  0/0    24:21   2:19   2:51 
Ross Colton              1  0  1   1  0   3  1  0  0  0  0/0     9:48   0:00   0:00 
Ryan Donato              0  0  0   2  0   0  3  0  1  1  2/8    19:46   1:56   4:50 
Tyler Bertuzzi           0  0  0  -3  2   1  0  0  1  0  0/0    11:32   0:49   0:00 
Tyler Seguin             0  2  2   1  0   4  0  0  2  1  1/2    20:00   1:46   4:36 

Players Stats for Anaheim Ducks

Player Name              G  A  P  +/- PIM S  H  SB GA TA FO     MP     PP MP  PK MP  
------------------------------------------------------------------------------------
Alex Killorn             0  0  0  -2  0   3  0  0  0  1  0/0    14:10   0:52   2:07 
Brayden Schenn           0  1  1  -1  0   1  2  0  0  0  1/2    19:14   4:02   1:40 
Brenden Dillon           0  0  0   0  0   0  2  0  0  0  0/0    17:21   0:32   1:54 
Chandler Stephenson      0  0  0  -2  0   3  1  0  0  2  8/8    12:50   0:00   2:08 
Esa Lindell              0  0  0   0  0   3  2  1  0  2  0/0    20:57   2:37   2:04 
Ivan Provorov            0  1  1   0  0   2  1  1  1  1  0/0    20:14   3:09   2:04 
J.T. Compher             1  0  1   2  0   2  1  1  0  0  3/4    10:17   0:54   1:28 
John Tavares             0  2  2   2  0   4  2  0  0  0  6/12   19:13   5:16   0:00 
Jonny Brodzinski         1  0  1   2  0   1  0  0  0  0  0/0     7:48   0:07   0:00 
Joshua Morrissey         0  2  2   1  0   2  2  2  0  0  0/0    23:46   6:39   0:55 
Kevin Bahl               0  0  0   0  0   1  2  1  0  2  0/0    15:35   0:00   0:00 
Mark Scheifele           2  1  3  -1  0   3  1  1  1  0  11/21  18:17   4:01   0:20 
Mason Marchment          2  1  3   0  0   4  3  0  1  0  0/0    18:58   5:29   0:00 
Nazem Kadri              1  1  2   2  2   2  0  0  0  0  4/5    19:47   5:16   0:13 
Parker Kelly             0  1  1   2  0   0  2  0  0  1  0/0     7:36   0:00   0:00 
Philip Broberg           0  2  2   1  2   2  3  0  0  1  0/0    22:09   6:39   0:59 
Will Cuylle              0  0  0  -2  0   0  0  0  0  0  0/0    10:42   0:00   0:00 
William Nylander         1  3  4   1  0   2  0  0  2  0  0/0    17:06   3:27   0:00 

3 Stars

1 - Mason Marchment (ANA)
2 - William Nylander (ANA)
3 - Mark Scheifele (ANA)

Power Play

Arizona Coyotes - 0 on 2 Attempt(s) - 0.00%
Anaheim Ducks - 3 on 7 Attempt(s) - 42.86%

Penalty Kill

Arizona Coyotes - 4 on 7 Attempt(s) - 57.14% - Score 0 goal in Penalty Kill
Anaheim Ducks - 2 on 2 Attempt(s) - 100.00% - Score 0 goal in Penalty Kill

Team Stat

Arizona Coyotes - Hits : 21 - Faceoff Wins : 19 - Blocked Shots : 11 - Penalty Minutes : 14
Anaheim Ducks - Hits : 24 - Faceoff Wins : 33 - Blocked Shots : 7 - Penalty Minutes : 4

Official

Referees : Marc Joannette and Eric Furlatt
Linesman : Trent Knorr and James Tobias

Game Notes

Kiefer Sherwood is injured at 11:03 of 1st period (Bruised Left Arm)
Elvis Merzlikins enters game at 14:17 of 1st period
Tristan Jarry enters game at 11:04 of 2nd period

Finance

Level 1 -- Attendance: 4829 (80.48%) -- Ticket Income $482,900
Level 2 -- Attendance: 3550 (71.00%) -- Ticket Income $213,000
Level 3 -- Attendance: 2130 (71.00%) -- Ticket Income $97,980
Level 4 -- Attendance: 3550 (71.00%) -- Ticket Income $88,750
Luxury Box -- Attendance: 712 (71.20%) -- Ticket Income $142,400
Game was played at the Honda Center.
Total Attendance: 14771 (73.86%)
Total Ticket Income: $1,025,030
Other Income: $358,760
Total Income: $1,383,790

Arizona Coyotes

5 vs 5 Forward 
   Center                   Left Wing                Right Wing               Time % Phy DF OF 
 1 Charlie Coyle            Ryan Donato              Tyler Seguin             30     0   2  3  
 2 Aliaksei Protas          Mats Zuccarello          Kiefer Sherwood          30     0   1  4  
 3 Mason McTavish           Tyler Bertuzzi           Ondrej Palat             25     0   1  4  
 4 Erik Haula               Brock McGinn             Ross Colton              15     0   1  4  

5 vs 5 Defense 
   Defense                  Defense                                           Time % Phy DF OF 
 1 Radko Gudas              Johnathan Kovacevic                               30     1   3  1  
 2 Brayden McNabb           Jared Spurgeon                                    30     1   3  1  
 3 Anthony DeAngelo         Matt Dumba                                        25     2   3  0  
 4 Johnathan Kovacevic      Radko Gudas                                       15     2   3  0  

PowerPlay Forward 
   Center                   Left Wing                Right Wing               Time % Phy DF OF 
 1 Charlie Coyle            Ryan Donato              Tyler Seguin             50     0   1  4  
 2 Aliaksei Protas          Mats Zuccarello          Kiefer Sherwood          50     0   1  4  

PowerPlay Defense
   Defense                  Defense                                           Time % Phy DF OF 
 1 Radko Gudas              Johnathan Kovacevic                               50     0   2  3  
 2 Brayden McNabb           Jared Spurgeon                                    50     0   2  3  

Penalty Kill 4 Players Forward 
   Center                   Wing                     Time % Phy DF OF 
 1 Charlie Coyle            Tyler Seguin             50     1   4  0  
 2 Ryan Donato              Aliaksei Protas          50     1   4  0  

Penalty Kill 4 Players Defense
   Defense                  Defense                  Time % Phy DF OF 
 1 Radko Gudas              Johnathan Kovacevic      50     1   3  1  
 2 Brayden McNabb           Jared Spurgeon           50     1   3  1  

Penalty Kill - 3 Players Forward 
   Forward                                           Time % Phy DF OF 
 1 Charlie Coyle                                     50     1   3  1  
 2 Tyler Seguin                                      50     1   3  1  

Penalty Kill - 3 Players Defense
   Defense                  Defense                  Time % Phy DF OF 
 1 Radko Gudas              Johnathan Kovacevic      50     1   2  2  
 2 Brayden McNabb           Jared Spurgeon           50     1   2  2  

4 vs 4 Forward 
   Center                   Wing                     Time % Phy DF OF 
 1 Charlie Coyle            Tyler Seguin             50     1   1  3  
 2 Ryan Donato              Aliaksei Protas          50     1   1  3  

4 vs 4 Defense
   Defense                  Defense                  Time % Phy DF OF 
 1 Radko Gudas              Johnathan Kovacevic      50     0   2  3  
 2 Brayden McNabb           Jared Spurgeon           50     0   2  3  

Last Minutes Offensive
   Center                   Left Wing                Right Wing               Defense                  Defense                  
   Charlie Coyle            Ryan Donato              Tyler Seguin             Radko Gudas              Johnathan Kovacevic      

Last Minutes Defensive
   Center                   Left Wing                Right Wing               Defense                  Defense                  
   Charlie Coyle            Ryan Donato              Tyler Seguin             Radko Gudas              Johnathan Kovacevic      

Goaltenders
Starting : Tristan Jarry            
Backup : Elvis Merzlikins         

Extra Forwards
Normal : Mason McTavish, Tyler Bertuzzi, Erik Haula - PP : Mason McTavish, Tyler Bertuzzi - PK : Erik Haula
Extra Defensemen
Normal : Anthony DeAngelo, Matt Dumba, Johnathan Kovacevic - PP : Anthony DeAngelo - PK : Matt Dumba, Johnathan Kovacevic
Penalty Shots
Charlie Coyle, Tyler Seguin, Ryan Donato, Aliaksei Protas, Mats Zuccarello

Scratches
Jani Hakanpaa (Back Injury)

Anaheim Ducks

5 vs 5 Forward 
   Center                   Left Wing                Right Wing               Time % Phy DF OF 
 1 Mark Scheifele           Mason Marchment          Brayden Schenn           35     1   2  2  
 2 John Tavares             Nazem Kadri              William Nylander         35     1   2  2  
 3 Chandler Stephenson      Will Cuylle              Alex Killorn             20     1   2  2  
 4 J.T. Compher             Parker Kelly             Jonny Brodzinski         10     1   2  2  

5 vs 5 Defense 
   Defense                  Defense                                           Time % Phy DF OF 
 1 Esa Lindell              Joshua Morrissey                                  36     1   2  2  
 2 Ivan Provorov            Philip Broberg                                    33     1   2  2  
 3 Kevin Bahl               Brenden Dillon                                    31     1   2  2  
 4 Esa Lindell              Ivan Provorov                                     0      1   2  2  

PowerPlay Forward 
   Center                   Left Wing                Right Wing               Time % Phy DF OF 
 1 Mark Scheifele           Brayden Schenn           William Nylander         50     1   1  3  
 2 Nazem Kadri              John Tavares             Mason Marchment          50     1   1  3  

PowerPlay Defense
   Defense                  Defense                                           Time % Phy DF OF 
 1 Joshua Morrissey         Philip Broberg                                    60     1   2  2  
 2 Ivan Provorov            Esa Lindell                                       40     1   2  2  

Penalty Kill 4 Players Forward 
   Center                   Wing                     Time % Phy DF OF 
 1 Chandler Stephenson      Alex Killorn             60     1   3  1  
 2 J.T. Compher             Brayden Schenn           40     1   3  1  

Penalty Kill 4 Players Defense
   Defense                  Defense                  Time % Phy DF OF 
 1 Esa Lindell              Ivan Provorov            60     1   4  0  
 2 Brenden Dillon           Philip Broberg           40     1   4  0  

Penalty Kill - 3 Players Forward 
   Forward                                           Time % Phy DF OF 
 1 Chandler Stephenson                               60     1   4  0  
 2 Alex Killorn                                      40     1   4  0  

Penalty Kill - 3 Players Defense
   Defense                  Defense                  Time % Phy DF OF 
 1 Esa Lindell              Ivan Provorov            60     1   4  0  
 2 Brenden Dillon           Philip Broberg           40     1   4  0  

4 vs 4 Forward 
   Center                   Wing                     Time % Phy DF OF 
 1 Chandler Stephenson      William Nylander         60     1   2  2  
 2 Mark Scheifele           Nazem Kadri              40     1   2  2  

4 vs 4 Defense
   Defense                  Defense                  Time % Phy DF OF 
 1 Esa Lindell              Joshua Morrissey         60     1   2  2  
 2 Brenden Dillon           Ivan Provorov            40     1   2  2  

Last Minutes Offensive
   Center                   Left Wing                Right Wing               Defense                  Defense                  
   Mark Scheifele           Brayden Schenn           William Nylander         Philip Broberg           Joshua Morrissey         

Last Minutes Defensive
   Center                   Left Wing                Right Wing               Defense                  Defense                  
   Chandler Stephenson      Alex Killorn             Brayden Schenn           Ivan Provorov            Esa Lindell              

Goaltenders
Starting : James Reimer             
Backup : Linus Ullmark            

Extra Forwards
Normal : William Nylander, Mark Scheifele, Nazem Kadri - PP : William Nylander, Nazem Kadri - PK : Chandler Stephenson
Extra Defensemen
Normal : Esa Lindell, Ivan Provorov, Brenden Dillon - PP : Joshua Morrissey - PK : Esa Lindell, Ivan Provorov
Penalty Shots
Chandler Stephenson, Mark Scheifele, Brayden Schenn, Alex Killorn, William Nylander

Scratches
Morgan Rielly (Healthy)

% Time on Ice - Arizona Coyotes

Lines # - Real PCT - Wanted PCT - Time Play
Normal Forward
1 - 29% - 30% - 13:38
2 - 28% - 30% - 13:04
3 - 21% - 25% - 9:44
4 - 21% - 15% - 9:48
Normal Defense
1 - 31% - 30% - 14:07
2 - 32% - 30% - 14:42
3 - 27% - 25% - 12:21
4 - 11% - 15% - 5:04
PP Forward
1 - 45% - 50% - 1:46
2 - 55% - 50% - 2:12
PP Defense
1 - 58% - 50% - 2:19
2 - 42% - 50% - 1:39
PK Forward
1 - 48% - 50% - 4:45
2 - 52% - 50% - 5:03
PK Defense
1 - 44% - 50% - 4:16
2 - 56% - 50% - 5:32
PK3 Forward
1 - 0% - 50%
2 - 0% - 50%
PK3 Defense
1 - 0% - 50%
2 - 0% - 50%
44 Forward
1 - 0% - 50%
2 - 0% - 50%
44 Defense
1 - 0% - 50%
2 - 0% - 50%
Last Minute Offensive  - 0:00
Last Minute Defensive  - 0:00
Total
Forward - 60:00
Defense - 60:00

% Time on Ice - Anaheim Ducks

Lines # - Real PCT - Wanted PCT - Time Play
Normal Forward
1 - 30% - 35% - 13:59
2 - 30% - 35% - 13:57
3 - 23% - 20% - 10:42
4 - 16% - 10% - 7:36
Normal Defense
1 - 36% - 36% - 16:27
2 - 29% - 33% - 13:18
3 - 32% - 31% - 14:35
4 - 4% - 0% - 1:54
PP Forward
1 - 41% - 50% - 4:00
2 - 59% - 50% - 5:48
PP Defense
1 - 68% - 60% - 6:39
2 - 32% - 40% - 3:09
PK Forward
1 - 82% - 60% - 3:16
2 - 18% - 40% - 0:42
PK Defense
1 - 52% - 60% - 2:04
2 - 48% - 40% - 1:54
PK3 Forward
1 - 0% - 60%
2 - 0% - 40%
PK3 Defense
1 - 0% - 60%
2 - 0% - 40%
44 Forward
1 - 0% - 60%
2 - 0% - 40%
44 Defense
1 - 0% - 60%
2 - 0% - 40%
Last Minute Offensive  - 0:00
Last Minute Defensive  - 0:00
Total
Forward - 60:00
Defense - 60:00

Play-by-Play

1st period


0:01 of 1st period - Charlie Coyle wins face-off versus Mark Scheifele in neutral zone.
0:48 of 1st period - Wrist shot by Chandler Stephenson.
0:48 of 1st period - Stopped by Tristan Jarry with a rebound.
0:50 of 1st period - Slapshot by Joshua Morrissey.
0:50 of 1st period - Stopped by Tristan Jarry with a rebound.
0:52 of 1st period - Wrist shot by Alex Killorn.
0:52 of 1st period - Shot Misses the Net.
0:54 of 1st period - Slapshot by Esa Lindell.
0:54 of 1st period - Shot Misses the Net.
0:56 of 1st period - Snap shot by Esa Lindell.
0:56 of 1st period - Stopped by Tristan Jarry with a rebound.
0:58 of 1st period - Slapshot by Esa Lindell.
0:58 of 1st period - Deflect By Jared Spurgeon.
0:58 of 1st period - Stopped by Tristan Jarry without a rebound.
0:59 of 1st period - J.T. Compher wins face-off versus Erik Haula in Arizona Coyotes zone.
1:30 of 1st period - Snap shot by Mason Marchment.
1:30 of 1st period - Shot Misses the Net.
1:52 of 1st period - Snap shot by Aliaksei Protas.
1:52 of 1st period - Shot Blocked by Kevin Bahl.
2:06 of 1st period - Snap shot by Tyler Seguin.
2:06 of 1st period - Shot Misses the Net.
2:08 of 1st period - Snap shot by Charlie Coyle.
2:08 of 1st period - Goal by Charlie Coyle - Arizona Coyotes : 1 - Anaheim Ducks : 0.
2:09 of 1st period - Mark Scheifele wins face-off versus Mason McTavish in neutral zone.
3:20 of 1st period - Radko Gudas is hit by Brayden Schenn.
4:01 of 1st period - Wrist shot by Ryan Donato.
4:01 of 1st period - Shot Blocked by Esa Lindell.
4:17 of 1st period - Wrist shot by William Nylander.
4:17 of 1st period - Shot Blocked by Kiefer Sherwood.
4:19 of 1st period - Slapshot by Esa Lindell.
4:19 of 1st period - Stopped by Tristan Jarry without a rebound.
4:20 of 1st period - Mason McTavish wins face-off versus John Tavares in Arizona Coyotes zone.
4:41 of 1st period - Snap shot by William Nylander.
4:41 of 1st period - Stopped by Tristan Jarry with a rebound.
4:43 of 1st period - Backhand shot by Ivan Provorov.
4:43 of 1st period - Stopped by Tristan Jarry without a rebound.
4:44 of 1st period - Chandler Stephenson wins face-off versus Ryan Donato in Arizona Coyotes zone.
4:59 of 1st period - Snap shot by Charlie Coyle.
4:59 of 1st period - Stopped by James Reimer with a rebound.
6:22 of 1st period - Slapshot by Tyler Seguin.
6:22 of 1st period - Stopped by James Reimer without a rebound.
6:23 of 1st period - Aliaksei Protas wins face-off versus John Tavares in Anaheim Ducks zone.
6:55 of 1st period - Wrist shot by J.T. Compher.
6:55 of 1st period - Shot Misses the Net.
6:57 of 1st period - Wrist shot by J.T. Compher.
6:57 of 1st period - Shot Misses the Net.
7:36 of 1st period - Slapshot by Ross Colton.
7:36 of 1st period - Shot Blocked by Joshua Morrissey.
8:10 of 1st period - Charlie Coyle is hit by Parker Kelly and loses puck.
8:29 of 1st period - Snap shot by Brock McGinn.
8:29 of 1st period - Stopped by James Reimer without a rebound.
8:30 of 1st period - Mark Scheifele wins face-off versus Aliaksei Protas in Anaheim Ducks zone.
8:37 of 1st period - Kevin Bahl is hit by Kiefer Sherwood and loses puck.
8:42 of 1st period - Wrist shot by Mats Zuccarello.
8:42 of 1st period - Stopped by James Reimer without a rebound.
8:43 of 1st period - John Tavares wins face-off versus Tyler Seguin in Anaheim Ducks zone.
9:00 of 1st period - Slapshot by Nazem Kadri.
9:00 of 1st period - Shot Misses the Net.
9:18 of 1st period - Snap shot by John Tavares.
9:18 of 1st period - Stopped by Tristan Jarry with a rebound.
9:20 of 1st period - Snap shot by William Nylander.
9:20 of 1st period - Shot Misses the Net.
9:30 of 1st period - Snap shot by Nazem Kadri.
9:30 of 1st period - Goal by Nazem Kadri - Arizona Coyotes : 1 - Anaheim Ducks : 1.
9:31 of 1st period - Brayden Schenn wins face-off versus Aliaksei Protas in neutral zone.
10:15 of 1st period - Snap shot by Ross Colton.
10:15 of 1st period - Shot Misses the Net.
10:17 of 1st period - Slapshot by Brayden McNabb.
10:17 of 1st period - Deflect By Erik Haula.
10:17 of 1st period - Deflect By Ivan Provorov.
10:17 of 1st period - Shot Misses the Net.
10:17 of 1st period - Puck is out of play.
10:18 of 1st period - John Tavares wins face-off versus Erik Haula in Anaheim Ducks zone.
10:18 of 1st period - John Tavares is hit by Radko Gudas.
10:28 of 1st period - Wrist shot by John Tavares.
10:28 of 1st period - Shot Misses the Net.
10:30 of 1st period - Snap shot by John Tavares.
10:30 of 1st period - Shot Blocked by Johnathan Kovacevic.
10:36 of 1st period - Wrist shot by John Tavares.
10:36 of 1st period - Stopped by Tristan Jarry without a rebound.
10:37 of 1st period - Aliaksei Protas wins face-off versus Mark Scheifele in Arizona Coyotes zone.
10:46 of 1st period - Slapshot by Mason Marchment.
10:46 of 1st period - Shot Misses the Net.
11:02 of 1st period - Kiefer Sherwood is hit by Joshua Morrissey and loses puck.
11:03 of 1st period - Kiefer Sherwood from Arizona Coyotes is injured at 11:03 of 1st period (Bruised Left Arm).
11:04 of 1st period - Tyler Seguin wins face-off versus Brayden Schenn in Arizona Coyotes zone.
11:34 of 1st period - Slapshot by Tyler Bertuzzi.
11:34 of 1st period - Shot Misses the Net.
11:48 of 1st period - Snap shot by Joshua Morrissey.
11:48 of 1st period - Stopped by Tristan Jarry with a rebound.
11:50 of 1st period - Wrist shot by Jonny Brodzinski.
11:50 of 1st period - Goal by Jonny Brodzinski - Arizona Coyotes : 1 - Anaheim Ducks : 2.
11:51 of 1st period - Aliaksei Protas wins face-off versus Mark Scheifele in neutral zone.
12:02 of 1st period - Mason McTavish is hit by Brenden Dillon.
12:23 of 1st period - Slapshot by Charlie Coyle.
12:23 of 1st period - Shot Misses the Net.
12:25 of 1st period - Slapshot by Charlie Coyle.
12:25 of 1st period - Shot Misses the Net.
12:27 of 1st period - Slapshot by Charlie Coyle.
12:27 of 1st period - Deflect By Tyler Seguin.
12:27 of 1st period - Shot Hit the Post.
12:27 of 1st period - Puck is out of play.
12:28 of 1st period - Chandler Stephenson wins face-off versus Erik Haula in Anaheim Ducks zone.
12:54 of 1st period - Brayden McNabb is hit by Brayden Schenn and loses puck.
12:59 of 1st period - Backhand shot by Mark Scheifele.
12:59 of 1st period - Deflect By Mason Marchment.
12:59 of 1st period - Shot Blocked by Jared Spurgeon.
12:59 of 1st period - Puck is out of play.
13:00 of 1st period - Mark Scheifele wins face-off versus Charlie Coyle in Arizona Coyotes zone.
13:48 of 1st period - Snap shot by Chandler Stephenson.
13:48 of 1st period - Stopped by Tristan Jarry with a rebound.
13:50 of 1st period - Backhand shot by Alex Killorn.
13:50 of 1st period - Stopped by Tristan Jarry with a rebound.
13:52 of 1st period - Slapshot by Ivan Provorov.
13:52 of 1st period - Stopped by Tristan Jarry with a rebound.
13:54 of 1st period - Slapshot by Ivan Provorov.
13:54 of 1st period - Deflect By Chandler Stephenson.
13:54 of 1st period - Stopped by Tristan Jarry with a rebound.
13:56 of 1st period - Snap shot by Will Cuylle.
13:56 of 1st period - Shot Misses the Net.
13:58 of 1st period - Slapshot by Philip Broberg.
13:58 of 1st period - Stopped by Tristan Jarry without a rebound.
13:59 of 1st period - Aliaksei Protas wins face-off versus John Tavares in Arizona Coyotes zone.
13:59 of 1st period - Aliaksei Protas is hit by Esa Lindell.
14:02 of 1st period - Minor Penalty to Radko Gudas for Interference.
14:03 of 1st period - Mark Scheifele wins face-off versus Charlie Coyle in Arizona Coyotes zone.
14:17 of 1st period - Backhand shot by Mark Scheifele.
14:17 of 1st period - Goal by Mark Scheifele - Arizona Coyotes : 1 - Anaheim Ducks : 3.
14:17 of 1st period - Elvis Merzlikins enters game.
14:18 of 1st period - John Tavares wins face-off versus Aliaksei Protas in neutral zone.
14:43 of 1st period - Esa Lindell is hit by Ross Colton and loses puck.
14:59 of 1st period - Snap shot by John Tavares.
14:59 of 1st period - Shot Misses the Net.
15:01 of 1st period - Slapshot by Esa Lindell.
15:01 of 1st period - Shot Misses the Net.
15:03 of 1st period - Slapshot by Nazem Kadri.
15:03 of 1st period - Shot Misses the Net.
15:05 of 1st period - Snap shot by Nazem Kadri.
15:05 of 1st period - Shot Misses the Net.
15:07 of 1st period - Slapshot by Joshua Morrissey.
15:07 of 1st period - Shot Blocked by Johnathan Kovacevic.
15:19 of 1st period - Johnathan Kovacevic is hit by John Tavares and loses puck.
15:31 of 1st period - Minor Penalty to Johnathan Kovacevic for Interference.
15:32 of 1st period - Mark Scheifele wins face-off versus Ryan Donato in Arizona Coyotes zone.
16:04 of 1st period - Jared Spurgeon is hit by Esa Lindell and loses puck.
17:00 of 1st period - Matt Dumba is hit by Mason Marchment and loses puck.
17:31 of 1st period - Penalty to Johnathan Kovacevic is over, Johnathan Kovacevic is back on ice.
17:46 of 1st period - Backhand shot by Tyler Bertuzzi.
17:46 of 1st period - Stopped by James Reimer with a rebound.
18:07 of 1st period - Brenden Dillon is hit by Erik Haula and loses puck.
18:19 of 1st period - Minor Penalty to Erik Haula for Cross-checking.
18:20 of 1st period - Nazem Kadri wins face-off versus Ryan Donato in Arizona Coyotes zone.
18:46 of 1st period - Wrist shot by William Nylander.
18:46 of 1st period - Goal by William Nylander - Arizona Coyotes : 1 - Anaheim Ducks : 4.
18:47 of 1st period - Charlie Coyle wins face-off versus Mark Scheifele in neutral zone.
18:54 of 1st period - Snap shot by Charlie Coyle.
18:54 of 1st period - Goal by Charlie Coyle - Arizona Coyotes : 2 - Anaheim Ducks : 4.
18:55 of 1st period - Charlie Coyle wins face-off versus Mark Scheifele in neutral zone.
18:58 of 1st period - Ivan Provorov is hit by Jared Spurgeon and loses puck.
19:05 of 1st period - Snap shot by Tyler Seguin.
19:05 of 1st period - Stopped by James Reimer without a rebound.
19:06 of 1st period - Mark Scheifele wins face-off versus Aliaksei Protas in Anaheim Ducks zone.
19:23 of 1st period - Mark Scheifele is hit by Brayden McNabb and loses puck.
19:49 of 1st period - Minor Penalty to Nazem Kadri for High sticking.
19:50 of 1st period - Chandler Stephenson wins face-off versus Charlie Coyle in Anaheim Ducks zone.
Goals for this period are 2 for Arizona Coyotes vs 4 for Anaheim Ducks.
Shots for this period are 8 for Arizona Coyotes vs 19 for Anaheim Ducks.

2nd period


0:01 of 2nd period - Chandler Stephenson wins face-off versus Aliaksei Protas in neutral zone.
0:04 of 2nd period - Slapshot by Alex Killorn.
0:04 of 2nd period - Stopped by Elvis Merzlikins with a rebound.
0:16 of 2nd period - Snap shot by Aliaksei Protas.
0:16 of 2nd period - Shot Misses the Net.
1:49 of 2nd period - Penalty to Nazem Kadri is over, Nazem Kadri is back on ice.
2:02 of 2nd period - Snap shot by Ross Colton.
2:02 of 2nd period - Shot Misses the Net.
2:04 of 2nd period - Slapshot by Jared Spurgeon.
2:04 of 2nd period - Shot Blocked by Ivan Provorov.
2:41 of 2nd period - Erik Haula is hit by Parker Kelly and loses puck.
2:54 of 2nd period - Joshua Morrissey is hit by Ryan Donato and loses puck.
3:13 of 2nd period - Snap shot by Brayden Schenn.
3:13 of 2nd period - Shot Misses the Net.
3:39 of 2nd period - Tyler Bertuzzi is hit by Mason Marchment and loses puck.
3:44 of 2nd period - Slapshot by Mark Scheifele.
3:44 of 2nd period - Shot Misses the Net.
3:54 of 2nd period - Esa Lindell is hit by Erik Haula and loses puck.
4:06 of 2nd period - Nazem Kadri is hit by Brock McGinn and loses puck.
4:23 of 2nd period - Slapshot by Tyler Seguin.
4:23 of 2nd period - Stopped by James Reimer without a rebound.
4:24 of 2nd period - Charlie Coyle wins face-off versus Mark Scheifele in Anaheim Ducks zone.
5:09 of 2nd period - Minor Penalty to Philip Broberg for Tripping.
5:10 of 2nd period - Chandler Stephenson wins face-off versus Charlie Coyle in Anaheim Ducks zone.
6:40 of 2nd period - J.T. Compher is hit by Charlie Coyle and loses puck.
7:09 of 2nd period - Penalty to Philip Broberg is over, Philip Broberg is back on ice.
7:53 of 2nd period - Ondrej Palat is hit by Philip Broberg and loses puck.
8:19 of 2nd period - Tyler Seguin is hit by Mason Marchment and loses puck.
8:35 of 2nd period - Brock McGinn is hit by Joshua Morrissey and loses puck.
9:11 of 2nd period - Jared Spurgeon is hit by Philip Broberg.
9:26 of 2nd period - Icing by William Nylander.
9:27 of 2nd period - Nazem Kadri wins face-off versus Charlie Coyle in Anaheim Ducks zone.
9:27 of 2nd period - Nazem Kadri is hit by Brayden McNabb.
9:41 of 2nd period - Jared Spurgeon is hit by Brenden Dillon and loses puck.
9:48 of 2nd period - Anthony DeAngelo is hit by Chandler Stephenson and loses puck.
9:54 of 2nd period - Minor Penalty to Tyler Bertuzzi for Slashing.
9:55 of 2nd period - Nazem Kadri wins face-off versus Ryan Donato in Arizona Coyotes zone.
10:08 of 2nd period - Off-side.
10:09 of 2nd period - Mark Scheifele wins face-off versus Charlie Coyle in neutral zone.
10:47 of 2nd period - Mark Scheifele is hit by Jared Spurgeon and loses puck.
11:04 of 2nd period - Wrist shot by Mason Marchment.
11:04 of 2nd period - Goal by Mason Marchment - Arizona Coyotes : 2 - Anaheim Ducks : 5.
11:04 of 2nd period - Tristan Jarry enters game.
11:05 of 2nd period - Chandler Stephenson wins face-off versus Aliaksei Protas in neutral zone.
11:08 of 2nd period - Slapshot by Alex Killorn.
11:08 of 2nd period - Stopped by Tristan Jarry without a rebound.
11:09 of 2nd period - Chandler Stephenson wins face-off versus Aliaksei Protas in Arizona Coyotes zone.
11:12 of 2nd period - Slapshot by Will Cuylle.
11:12 of 2nd period - Shot Misses the Net.
11:14 of 2nd period - Wrist shot by Brenden Dillon.
11:14 of 2nd period - Shot Blocked by Johnathan Kovacevic.
11:16 of 2nd period - Backhand shot by Will Cuylle.
11:16 of 2nd period - Shot Blocked by Mason McTavish.
12:06 of 2nd period - Snap shot by Nazem Kadri.
12:06 of 2nd period - Shot Blocked by Brayden McNabb.
12:08 of 2nd period - Slapshot by Kevin Bahl.
12:08 of 2nd period - Stopped by Tristan Jarry with a rebound.
12:42 of 2nd period - Snap shot by Charlie Coyle.
12:42 of 2nd period - Stopped by James Reimer with a rebound.
12:44 of 2nd period - Slapshot by Jared Spurgeon.
12:44 of 2nd period - Shot Misses the Net.
12:48 of 2nd period - Snap shot by Charlie Coyle.
12:48 of 2nd period - Shot Misses the Net.
12:50 of 2nd period - Slapshot by Jared Spurgeon.
12:50 of 2nd period - Stopped by James Reimer with a rebound.
13:24 of 2nd period - Snap shot by William Nylander.
13:24 of 2nd period - Deflect By Erik Haula.
13:24 of 2nd period - Shot Misses the Net.
13:24 of 2nd period - Puck is out of play.
13:25 of 2nd period - Mark Scheifele wins face-off versus Charlie Coyle in Arizona Coyotes zone.
14:05 of 2nd period - Minor Penalty to Matt Dumba for Tripping.
14:06 of 2nd period - Ryan Donato wins face-off versus Nazem Kadri in Arizona Coyotes zone.
16:05 of 2nd period - Penalty to Matt Dumba is over, Matt Dumba is back on ice.
16:10 of 2nd period - Philip Broberg is hit by Matt Dumba and loses puck.
17:28 of 2nd period - Minor Penalty to Radko Gudas for Tripping.
17:29 of 2nd period - Charlie Coyle wins face-off versus Mark Scheifele in Arizona Coyotes zone.
18:07 of 2nd period - Jared Spurgeon is hit by Ivan Provorov and loses puck.
18:32 of 2nd period - William Nylander is hit by Matt Dumba.
19:28 of 2nd period - Penalty to Radko Gudas is over, Radko Gudas is back on ice.
Goals for this period are 0 for Arizona Coyotes vs 1 for Anaheim Ducks.
Shots for this period are 3 for Arizona Coyotes vs 4 for Anaheim Ducks.

3rd period


0:01 of 3rd period - Mark Scheifele wins face-off versus Charlie Coyle in neutral zone.
0:04 of 3rd period - Slapshot by Philip Broberg.
0:04 of 3rd period - Stopped by Tristan Jarry without a rebound.
0:05 of 3rd period - Charlie Coyle wins face-off versus Mark Scheifele in Arizona Coyotes zone.
0:39 of 3rd period - Snap shot by Chandler Stephenson.
0:39 of 3rd period - Deflect By Alex Killorn.
0:39 of 3rd period - Shot Hit the Post.
0:39 of 3rd period - Puck is out of play.
0:40 of 3rd period - John Tavares wins face-off versus Aliaksei Protas in Arizona Coyotes zone.
0:41 of 3rd period - Snap shot by William Nylander.
0:41 of 3rd period - Shot Blocked by Mats Zuccarello.
1:26 of 3rd period - Slapshot by Brayden Schenn.
1:26 of 3rd period - Shot Misses the Net.
1:32 of 3rd period - Mark Scheifele is hit by Matt Dumba and loses puck.
1:41 of 3rd period - Wrist shot by Mason McTavish.
1:41 of 3rd period - Goal by Mason McTavish - Arizona Coyotes : 3 - Anaheim Ducks : 5.
1:42 of 3rd period - Charlie Coyle wins face-off versus Mark Scheifele in neutral zone.
2:07 of 3rd period - Kevin Bahl is hit by Radko Gudas and loses puck.
3:12 of 3rd period - Slapshot by Charlie Coyle.
3:12 of 3rd period - Shot Misses the Net.
3:14 of 3rd period - Slapshot by Tyler Seguin.
3:14 of 3rd period - Stopped by James Reimer with a rebound.
3:16 of 3rd period - Slapshot by Brayden McNabb.
3:16 of 3rd period - Shot Blocked by J.T. Compher.
3:18 of 3rd period - Slapshot by Brayden McNabb.
3:18 of 3rd period - Deflect By Charlie Coyle.
3:18 of 3rd period - Stopped by James Reimer with a rebound.
3:20 of 3rd period - Slapshot by Jared Spurgeon.
3:20 of 3rd period - Stopped by James Reimer with a rebound.
3:22 of 3rd period - Wrist shot by Charlie Coyle.
3:22 of 3rd period - Stopped by James Reimer with a rebound.
3:39 of 3rd period - Off-side.
3:40 of 3rd period - Mark Scheifele wins face-off versus Charlie Coyle in neutral zone.
3:47 of 3rd period - Wrist shot by Mark Scheifele.
3:47 of 3rd period - Stopped by Tristan Jarry without a rebound.
3:48 of 3rd period - Mark Scheifele wins face-off versus Ryan Donato in Arizona Coyotes zone.
3:55 of 3rd period - Joshua Morrissey is hit by Johnathan Kovacevic and loses puck.
4:10 of 3rd period - Snap shot by Brayden Schenn.
4:10 of 3rd period - Stopped by Tristan Jarry with a rebound.
4:22 of 3rd period - Wrist shot by Ryan Donato.
4:22 of 3rd period - Shot Hit the Post.
4:24 of 3rd period - Slapshot by Radko Gudas.
4:24 of 3rd period - Shot Blocked by Joshua Morrissey.
4:26 of 3rd period - Slapshot by Radko Gudas.
4:26 of 3rd period - Deflect By Charlie Coyle.
4:26 of 3rd period - Shot Blocked by Mark Scheifele.
4:26 of 3rd period - Puck is out of play.
4:27 of 3rd period - Aliaksei Protas wins face-off versus John Tavares in Anaheim Ducks zone.
4:55 of 3rd period - Snap shot by Ross Colton.
4:55 of 3rd period - Stopped by James Reimer with a rebound.
4:57 of 3rd period - Wrist shot by Erik Haula.
4:57 of 3rd period - Stopped by James Reimer with a rebound.
4:59 of 3rd period - Slapshot by Matt Dumba.
4:59 of 3rd period - Deflect By Ross Colton.
4:59 of 3rd period - Goal by Ross Colton - Arizona Coyotes : 4 - Anaheim Ducks : 5.
5:00 of 3rd period - Aliaksei Protas wins face-off versus Mark Scheifele in neutral zone.
5:12 of 3rd period - Slapshot by Mark Scheifele.
5:12 of 3rd period - Goal by Mark Scheifele - Arizona Coyotes : 4 - Anaheim Ducks : 6.
5:13 of 3rd period - Charlie Coyle wins face-off versus John Tavares in neutral zone.
6:22 of 3rd period - Snap shot by Ondrej Palat.
6:22 of 3rd period - Stopped by James Reimer without a rebound.
6:23 of 3rd period - J.T. Compher wins face-off versus Ondrej Palat in Anaheim Ducks zone.
6:36 of 3rd period - Brayden McNabb is hit by J.T. Compher.
6:40 of 3rd period - Mason McTavish is hit by Kevin Bahl and loses puck.
6:49 of 3rd period - Slapshot by Parker Kelly.
6:49 of 3rd period - Shot Misses the Net.
6:51 of 3rd period - Slapshot by Ivan Provorov.
6:51 of 3rd period - Shot Blocked by Ondrej Palat.
6:53 of 3rd period - Snap shot by J.T. Compher.
6:53 of 3rd period - Goal by J.T. Compher - Arizona Coyotes : 4 - Anaheim Ducks : 7.
6:54 of 3rd period - John Tavares wins face-off versus Charlie Coyle in neutral zone.
7:31 of 3rd period - Slapshot by Mats Zuccarello.
7:31 of 3rd period - Stopped by James Reimer with a rebound.
8:07 of 3rd period - Snap shot by Jonny Brodzinski.
8:07 of 3rd period - Shot Misses the Net.
8:09 of 3rd period - Wrist shot by J.T. Compher.
8:09 of 3rd period - Stopped by Tristan Jarry without a rebound.
8:10 of 3rd period - J.T. Compher wins face-off versus Mason McTavish in Arizona Coyotes zone.
8:44 of 3rd period - Jared Spurgeon is hit by John Tavares and loses puck.
8:57 of 3rd period - Snap shot by Mason McTavish.
8:57 of 3rd period - Stopped by James Reimer with a rebound.
10:02 of 3rd period - Snap shot by John Tavares.
10:02 of 3rd period - Stopped by Tristan Jarry with a rebound.
10:04 of 3rd period - Slapshot by Philip Broberg.
10:04 of 3rd period - Shot Misses the Net.
10:43 of 3rd period - Mats Zuccarello is hit by Kevin Bahl.
10:51 of 3rd period - Minor Penalty to Matt Dumba for Roughing.
10:52 of 3rd period - Nazem Kadri wins face-off versus Ryan Donato in Arizona Coyotes zone.
11:01 of 3rd period - Snap shot by Mason Marchment.
11:01 of 3rd period - Stopped by Tristan Jarry without a rebound.
11:02 of 3rd period - Ryan Donato wins face-off versus John Tavares in Arizona Coyotes zone.
11:21 of 3rd period - Jared Spurgeon is hit by Philip Broberg and loses puck.
11:46 of 3rd period - Snap shot by Nazem Kadri.
11:46 of 3rd period - Stopped by Tristan Jarry with a rebound.
11:48 of 3rd period - Slapshot by Joshua Morrissey.
11:48 of 3rd period - Shot Blocked by Aliaksei Protas.
12:51 of 3rd period - Penalty to Matt Dumba is over, Matt Dumba is back on ice.
13:50 of 3rd period - Snap shot by John Tavares.
13:50 of 3rd period - Stopped by Tristan Jarry with a rebound.
13:52 of 3rd period - Snap shot by Nazem Kadri.
13:52 of 3rd period - Deflect By Mason Marchment.
13:52 of 3rd period - Stopped by Tristan Jarry with a rebound.
13:54 of 3rd period - Slapshot by Mason Marchment.
13:54 of 3rd period - Goal by Mason Marchment - Arizona Coyotes : 4 - Anaheim Ducks : 8.
13:55 of 3rd period - Chandler Stephenson wins face-off versus Aliaksei Protas in neutral zone.
14:20 of 3rd period - J.T. Compher is hit by Brock McGinn and loses puck.
14:27 of 3rd period - Wrist shot by Ross Colton.
14:27 of 3rd period - Stopped by James Reimer with a rebound.
14:29 of 3rd period - Snap shot by Ross Colton.
14:29 of 3rd period - Shot Misses the Net.
15:49 of 3rd period - Aliaksei Protas is hit by Mark Scheifele and loses puck.
16:00 of 3rd period - William Nylander is hit by Aliaksei Protas and loses puck.
16:38 of 3rd period - William Nylander is hit by Ryan Donato.
16:54 of 3rd period - Slapshot by Anthony DeAngelo.
16:54 of 3rd period - Stopped by James Reimer without a rebound.
16:55 of 3rd period - Erik Haula wins face-off versus J.T. Compher in Anaheim Ducks zone.
18:54 of 3rd period - Kevin Bahl is hit by Ryan Donato.
19:22 of 3rd period - Snap shot by Brock McGinn.
19:22 of 3rd period - Stopped by James Reimer with a rebound.
19:26 of 3rd period - Wrist shot by Erik Haula.
19:26 of 3rd period - Stopped by James Reimer without a rebound.
19:27 of 3rd period - John Tavares wins face-off versus Aliaksei Protas in Anaheim Ducks zone.
19:36 of 3rd period - Slapshot by William Nylander.
19:36 of 3rd period - Shot Blocked by Radko Gudas.
Goals for this period are 2 for Arizona Coyotes vs 3 for Anaheim Ducks.
Shots for this period are 15 for Arizona Coyotes vs 12 for Anaheim Ducks.